 Dungeon Crawl Stone Soup version 0.27-a0-1140-g099f9bb0e8 (webtiles) character file.

Game seed: 10008884676372286745

368 polve the Slasher (level 6, -8/42 HPs)
             Began as an Octopode Fighter on May 8, 2021.
             Mangled by a wyvern skeleton (14 damage)
             ... on level 4 of the Dungeon.
             The game lasted 00:02:07 (2610 turns).

polve the Slasher (Octopode Fighter)                Turns: 2610, Time: 00:02:07

Health: -8/42      AC:  1    Str: 18    XL:     6   Next: 69%
Magic:  6/6        EV: 11    Int: 10    God:
Gold:   143        SH: 14    Dex: 11    Spells: 5/5 levels left

rFire    . . .     SeeInvis .   a - +0 long sword
rCold    . . .     Faith    .   b - +0 kite shield
rNeg     . . .     Spirit   .   (helmet restricted)
rPois    .         Reflect  +   g - amulet of reflection
rElec    .         Harm     .   (no ring)
rCorr    .         Rampage  .   (no ring)
Will     .....                  (no ring)
Stlth    ++........             (no ring)
HPRegen  0.14/turn              (no ring)
MPRegen  0.10/turn              (no ring)
                                (no ring)
                                (no ring)

@: no status effects
A: almost no armour, amphibious, 8 rings, camouflage 1, gelatinous body 1,
(nimble swimmer 1), tentacles
a: no special abilities


You were on level 4 of the Dungeon.
You visited 1 branch of the dungeon, and saw 4 of its levels.

You collected 143 gold pieces.

Inventory:

Hand Weapons
 a - a +0 long sword (weapon)
Armour
 b - a +0 kite shield (worn)
Jewellery
 g - an amulet of reflection (around mantle)
 k - a ring of magical power
Scrolls
 c - a scroll of immolation {unknown}
 e - 2 scrolls of identify {unknown}
 f - a scroll of blinking {unknown}
 h - a scroll of torment {unknown}
 j - a scroll of amnesia {unknown}
 l - a scroll of teleportation {unknown}
 m - a scroll of noise {unknown}
Potions
 d - a potion of heal wounds


   Skills:
 - Level 3.0 Fighting
 + Level 6.9 Long Blades
 - Level 3.0 Dodging
 - Level 3.0 Shields


You had 5 spell levels left.
You didn't know any spells.
Your spell library was empty.

Dungeon Overview and Level Annotations

Branches:
Dungeon (4/15)
 Temple: D:4-7

Altars:
Trog


Innate Abilities, Weirdness & Mutations

You cannot wear most types of armour.
You are amphibious.
You can wear up to eight rings at the same time.
Your skin changes colour to match your surroundings (Stealth+).
Your rubbery body absorbs attacks. (AC +1, EV +1)
((You are camouflaged near water. (Stealth+)))
You have tentacles for arms and can constrict up to eight enemies at once.


Message History

You block the endoplasm's attack. The adder bites you.
You hit the adder. Your grab misses the adder. Your squeeze misses the adder.
The adder is heavily wounded.
The adder bites you. The endoplasm barely misses you.
You riposte.
You hit the endoplasm.
You kill the endoplasm!
The wyvern skeleton bites you.
You are too injured to fight recklessly!
You are too injured to fight recklessly!
You are too injured to fight recklessly!
You are too injured to fight recklessly!
You are too injured to fight recklessly!
You are too injured to fight recklessly!
There are monsters nearby!
There are monsters nearby!
You slash the adder!
You kill the adder!
The wyvern skeleton bites you! The wyvern skeleton bites you!
* * * LOW HITPOINT WARNING * * *
You block the wyvern skeleton's attack.
Things that are here:
an adder corpse; a hobgoblin corpse You hit the wyvern skeleton.
You squeeze the wyvern skeleton.
The wyvern skeleton is lightly damaged.
You block the wyvern skeleton's attack.
You slash the wyvern skeleton!
The wyvern skeleton is moderately damaged.
You block the wyvern skeleton's attack. x2
You hit the wyvern skeleton. You squeeze the wyvern skeleton!
The wyvern skeleton is severely damaged.
You block the wyvern skeleton's attack. x2
You barely miss the wyvern skeleton.
The wyvern skeleton is severely damaged.
You block the wyvern skeleton's attack. x2
You hit the wyvern skeleton.
You squeeze the wyvern skeleton, but do no damage.
The wyvern skeleton is almost destroyed.
The wyvern skeleton bites you!
You die...

..................
##................
###.##............#
.#####........##.#†#####
.......####.#.##.....#
..............###....#
#............## #....#
.....?.Z.....# #....#
.......@....## #....#
...........## ##...#
#..........# #....#
##.>#####<.# #.#.## ...
#. ..## ##.#.# ... #
#.## #..#.# _.# ..
#.##.# ..# . .##
###.##.# .## #..
#...##)#


You could see a wyvern skeleton.

Vanquished Creatures
  An ogre (D:4)
  A phantom (D:3)
  A howler monkey (D:4)
  Crazy Yiuf (D:3)
  An iguana (D:4)
  5 adders
  2 worms
  2 dart slugs (D:2)
  5 bats
  9 endoplasms
  4 giant cockroaches
  4 goblins
  7 hobgoblins
  4 jackals (D:4)
  8 ball pythons
  8 kobolds
  3 rats
66 creatures vanquished.

Notes
Turn   | Place    | Note
-------+----------+-------------------------------------------
     0 | D:1      | polve the Octopode Fighter began the quest for the Orb.
     0 | D:1      | Reached XP level 1. HP: 16/16 MP: 1/1
   132 | D:1      | Reached XP level 2. HP: 16/21 MP: 2/2
   294 | D:1      | Reached skill level 3 in Long Blades
   660 | D:2      | Reached XP level 3. HP: 25/26 MP: 3/3
  1078 | D:2      | Reached skill level 4 in Long Blades
  1112 | D:2      | Reached XP level 4. HP: 31/31 MP: 4/4
  2073 | D:3      | Found a runed translucent door.
  2074 | D:3      | Noticed Crazy Yiuf
  2082 | D:3      | Killed Crazy Yiuf
  2083 | D:3      | Reached skill level 5 in Long Blades
  2083 | D:3      | Reached XP level 5. HP: 36/36 MP: 5/5
  2105 | D:4      | Found a bloodstained altar of Trog.
  2112 | D:4      | Noticed a phantom
  2130 | D:3      | Killed a phantom
  2131 | D:3      | Reached skill level 6 in Long Blades
  2131 | D:3      | Reached XP level 6. HP: 2/42 MP: 6/6
  2610 | D:4      | Mangled by a wyvern skeleton

Illustrated notes

Levels and vault maps discovered:
D:1:      dpeg_arrival_rooms_with_view, layout_rooms
D:2:      layout_rooms
D:3:      layout_rooms, uniq_crazy_yiuf_cottage
D:4:      layout_rooms, nicolae_overflow_crystal_walls,
          nicolae_overflow_hidden_temple, trog_three_pillars_becter

Skill      XL: |  1  2  3  4  5 |
---------------+----------------+-----
Long Blades    | 3 4 5 6 |  6.9
Fighting       | |  3.0
Dodging        | |  3.0
Shields        | |  3.0

Action                   |  1- 3 |  4- 6 || total
-------------------------+-------+-------++-------
Melee: Long sword        |    70 |    79 ||   149
       Constrict         |    17 |    16 ||    33
       Tentacles         |     9 |    13 ||    22
  Use: Potion            |       |     3 ||     3
 Stab: Sleeping          |     1 |     4 ||     5
Armor: Skin              |     6 |     8 ||    14
Dodge: Dodged            |    26 |    13 ||    39
Block: Kite shield       |    60 |    57 ||   117
       Rpst.: Long sword |     5 |     3 ||     8

Table legend: (Time is in decaauts)
 A = Elapsed time spent in this place.
 B = Non-inter-level travel time spent in this place.
 C = Inter-level travel time spent in this place.
 D = Time resting spent in this place.
 E = Time spent auto-exploring this place.
 F = Levels seen in this place.
 G = Mean time per level.
                   A        B        C        D        E       F      G
               +--------+--------+--------+--------+--------+-----+--------+
         Total |   2673 |   2583 |     90 |      0 |   2132 |   4 |  668.2 |
       Dungeon |   2673 |   2583 |     90 |      0 |   2132 |   4 |  668.2 |
               +--------+--------+--------+--------+--------+-----+--------+

Top non-repeatable levels by time:
     D:3: 1023 daAuts
     D:2: 813 daAuts
     D:1: 619 daAuts
     D:4: 217 daAuts
